 Dungeon Crawl Stone Soup version 0.31-a0-246-g8cbcc1cb85 (webtiles) character file.

Game seed: 10017993101620349330

38 qw the Shooter (level 3, -1/29 HPs)
             Began as a Minotaur Hexslinger on July 12, 2023.
             Slain by Ijyb
             ... wielding a +0 dagger
              (6 damage)
             ... on level 3 of the Dungeon.
             The game lasted 00:00:36 (1672 turns).

qw the Shooter (Minotaur Hexslinger)                Turns: 1672, Time: 00:00:37

Health: -1/29      AC:  5    Str: 10 (12) XL:     3   Next: 25%
Magic:  3/3        EV: 10    Int:  9 (10) God:
Gold:   110        SH:  0    Dex: 11 (14) Spells: 3/4 levels left

rFire   + . .        Y - +1 sling
rCold   + . .        (no shield)
rNeg    . . .        k - +0 ring mail
rPois   .            (helmet restricted)
rElec   .            c - scarf {rC+ rF+}
rCorr   .            (no gloves)
SInv    .            (no boots)
Will    .....        (no amulet)
Stlth   +            (no ring)
HPRegen 0.24/turn    (no ring)
MPRegen 0.08/turn

%: no passive effects
@: no status effects
A: horns 2, retaliatory headbutt
a: no special abilities


You were on level 3 of the Dungeon.
You visited 1 branch of the dungeon, and saw 3 of its levels.

You collected 134 gold pieces.
You spent 24 gold pieces at shops.


Innate Abilities, Weirdness & Mutations

You have a pair of horns on your head.
You reflexively headbutt those who attack you in melee.


   Skills:
 - Level 2.0 Fighting
 + Level 3.8 Ranged Weapons
 - Level 2.1 Dodging
 - Level 1.0 Spellcasting
 - Level 2.0 Hexes


You had 3 spell levels left.
You knew the following spells:

 Your Spells              Type           Power      Damage    Failure   Level
a - Slow                  Hex            16%        N/A       38%         1

Your spell library contained the following spells:

 Spells                   Type           Power      Damage    Failure   Level
 Inner Flame              Hex/Fire       2%         N/A       88%         3
 Portal Projectile        Hex/Tloc       4%         N/A       88%         3
 Cause Fear               Hex            2%         N/A       99%         4

Inventory:

Hand Weapons
 Y - a +1 sling (weapon)
Armour
 a - the +0 hat of Lugonu's Regard {Harm rN+ rCorr}
   (You acquired it on level 2 of the Dungeon)

   rN:        It protects you from negative energy.
   rCorr:     It protects you from acid and corrosion.
   Harm:      It increases damage dealt and taken.
 c - a scarf of resistance (worn)
 e - a +0 cloak
 k - a +0 ring mail (worn)
Potions
 b - a potion of mutation {unknown}
 f - a potion of berserk rage {unknown}
 g - a potion of curing
 i - a potion of brilliance {unknown}

Dungeon Overview and Level Annotations

Branches:
Dungeon (3/15)

Altars:

Shops:
D:1 *

Annotations:
D:2 1 runed translucent door, Crazy Yiuf
D:3 Ijyb


Message History

The grasping roots constrict you! The grasping roots constrict you.
You shoot a sling bullet. The sling bullet hits Ijyb.
Ijyb is heavily wounded.
Ijyb hits you with a +0 dagger. The grasping roots constrict you.
The grasping roots release their grip on you.
You shoot a sling bullet.
The sling bullet hits Ijyb but does no damage.
Ijyb is heavily wounded.
Ijyb hits you but does no damage.
You shoot a sling bullet. The sling bullet barely misses Ijyb.
Ijyb hits you but does no damage. Ijyb hits you with a +0 dagger.
1666 ||| DRINKING potion of heal wounds.
You feel much better.
Ijyb zaps a wand.
The roots erupt in riotous growth!
The grasping roots grab you!
Ijyb is unaffected.
The grasping roots constrict you.
You shoot a sling bullet. The sling bullet hits Ijyb.
Ijyb is severely wounded.
Ijyb hits you but does no damage. The grasping roots constrict you.
You shoot a sling bullet. The sling bullet misses Ijyb.
Ijyb hits you with a +0 dagger. The grasping roots constrict you.
The grasping roots release their grip on you.
You shoot a sling bullet. The sling bullet hits Ijyb.
Ijyb is almost dead.
Ijyb hits you with a +0 dagger.
Ijyb zaps a wand.
The roots erupt in riotous growth!
The grasping roots grab you!
Ijyb is unaffected.
The grasping roots constrict you.
You shoot a sling bullet. The sling bullet barely misses Ijyb.
Ijyb hits you with a +0 dagger. The grasping roots constrict you.
The grasping roots release their grip on you.
You shoot a sling bullet.
The sling bullet hits Ijyb but does no damage.
Ijyb is severely wounded.
Ijyb hits you with a +0 dagger.
You shoot a sling bullet.
The sling bullet hits Ijyb but does no damage.
Ijyb is severely wounded.
Ijyb hits you with a +0 dagger.
You die...

###+#####
#.......#
#.......#
#.......#
#.......#
#...g...#
#@# #.#
#.# #.#
#.# #.#
#.# #.#
#.#


You could see Ijyb.

Vanquished Creatures
  A dart slug (D:1)
  2 orcs
  2 endoplasms
  3 giant cockroaches
  5 goblins
  4 hobgoblins
  7 kobolds
  2 ball pythons
  A bat (D:1)
  2 frilled lizards
  2 rats (D:1)
31 creatures vanquished.

Notes
Turn   | Place    | Note
-------+----------+-------------------------------------------
     0 | D:1      | qw the Minotaur Hexslinger began the quest for the Orb.
     0 | D:1      | Reached XP level 1. HP: 16/16 MP: 1/1
     0 | D:1      | 0 ||| qw: Version: 0.3-a-52-g30416fa
     0 | D:1      | 0 ||| qw: Game counter: 6351
     0 | D:1      | 0 ||| qw: Melee chars always use a shield: true
     0 | D:1      | 0 ||| qw: God list: Okawaru
     0 | D:1      | 0 ||| qw: Allow faded altars: false
     0 | D:1      | 0 ||| qw: Do Orc after clearing Dungeon:15 true
     0 | D:1      | 0 ||| qw: Do second Lair branch before Depths: true
     0 | D:1      | 0 ||| qw: Lair rune preference: random
     0 | D:1      | 0 ||| qw: Goals: Normal
     0 | D:1      | 0 ||| PLANNING D:1-11
    66 | D:1      | 66 ||| FLEEEEING.
    74 | D:1      | 74 ||| FLEEEEING.
    78 | D:1      | 78 ||| FLEEEEING.
   107 | D:1      | Reached skill level 3 in Ranged Weapons
   107 | D:1      | Reached XP level 2. HP: 23/23 MP: 2/2
   385 | D:1      | Found Votoll's Assorted Antiques.
   390 | D:1      | 390 ||| SHOPLISTING 2 clear potions (48 gold, have 41).
   390 | D:1      | 390 ||| BUYING fizzy golden potion (24 gold).
   390 | D:1      | Bought a fizzy golden potion for 24 gold pieces
   390 | D:1      | 390 ||| SHOPLISTING scroll labelled DYCHAR HUDI (27 gold,
                  | have 17).
   390 | D:1      | 390 ||| SHOPLISTING scroll labelled JAOHOTT WEBAH (27 gold,
                  | have 17).
   390 | D:1      | 390 ||| SHOPLISTING scroll labelled UTZOSA UR BONE (27
                  | gold, have 17).
   652 | D:1      | 652 ||| UPGRADING to +0 leather armour.
   662 | D:1      | 662 ||| DROPPING +0 robe.
   663 | D:1      | 663 ||| DRINKING 2 yellow potions.
   664 | D:1      | 664 ||| DRINKING 2 orange potions.
   665 | D:1      | 665 ||| DRINKING 2 fuming pink potions.
   699 | D:1      | 699 ||| DROPPING scroll of poison.
   700 | D:1      | 700 ||| DROPPING potion of degeneration.
   701 | D:1      | 701 ||| DROPPING potion of lignification.
   965 | D:2      | Reached XP level 3. HP: 26/29 MP: 3/3
   965 | D:2      | 965 ||| FLEEEEING.
  1149 | D:2      | Identified the +9 quarterstaff of Dim Light {heavy, rF-
                  | Will++}
  1281 | D:2      | Found a runed translucent door.
  1282 | D:2      | Noticed Crazy Yiuf
  1487 | D:2      | 1487 ||| UPGRADING to +0 ring mail.
  1497 | D:2      | 1497 ||| DROPPING +0 leather armour.
  1498 | D:2      | 1498 ||| READING scroll labelled ECIOFAWOG.
  1499 | D:2      | 1499 ||| READING scroll labelled FOOKYI DIRHEFFE.
  1500 | D:2      | 1500 ||| READING 2 scrolls labelled FODIFA WONWAO.
  1500 | D:2      | Identified 2 scrolls of acquirement
  1500 | D:2      | 1500 ||| ACQUIRING scarf of resistance
  1500 | D:2      | Acquired a scarf of resistance
  1501 | D:2      | 1501 ||| READING scroll of acquirement.
  1501 | D:2      | 1501 ||| ACQUIRING +0 hat of Lugonu's Regard {Harm rN+
                  | rCorr}
  1501 | D:2      | Acquired the +0 hat of Lugonu's Regard {Harm rN+ rCorr}
  1503 | D:2      | 1503 ||| UPGRADING to scarf of resistance.
  1508 | D:2      | 1508 ||| DRINKING 2 cyan potions.
  1660 | D:3      | Noticed Ijyb
  1665 | D:3      | HP: 5/29 [Ijyb/+0 dagger (4)]
  1666 | D:3      | 1666 ||| DRINKING potion of heal wounds.
  1670 | D:3      | HP: 7/29 [constriction (5)]
  1672 | D:3      | Slain by Ijyb

Levels and vault maps discovered:
D:1:      dpeg_arrival_stonehenge_8_columns, layout_loops_ring, serial_shops,
          nicolae_shop_hallway_stairs
D:2:      layout_loops_cross, uniq_crazy_yiuf_cottage
D:3:      layout_basic, vehumet_statue, lemuel_round_altar, uniq_natasha,
          uniq_ijyb

Skill      XL: |  1  2 |
---------------+-------+-----
Ranged Weapons | 3 |  3.8
Fighting       | 2 |  2.0
Dodging        | |  2.1
Spellcasting   | |  1.0
Hexes          | |  2.0

Action                     || total
---------------------------++-------
   Fire: Sling             ||   123
    Use: Potion            ||     5
         Scroll            ||     4
 Armour: Leather armour    ||    11
         Robe              ||     2
         Ring mail         ||     3
  Dodge: Dodged            ||    36

Table legend:
 A = Non-vault XP
 B = Vault XP
 C = Vault XP percentage of total XP
 D = Non-vault monster count
 E = Vault monster count
 F = Vault count percentage of total count
                 A         B        C        D         E       F
            +---------+---------+-------+---------+---------+-------
      Total |      55 |       0 |   0.0 |      31 |       0 |   0.0
            +---------+---------+-------+---------+---------+-------
        D:1 |      32 |       0 |   0.0 |      19 |       0 |   0.0
        D:2 |      20 |       0 |   0.0 |      11 |       0 |   0.0
        D:3 |       3 |       0 |   0.0 |       1 |       0 |   0.0
            +---------+---------+-------+---------+---------+-------
